 Dungeon Crawl Stone Soup version 0.23.0 (webtiles) character file.

Game seed: 11528504180124374087

184 redwoodhats the Skirmisher (level 5, -6/49 HPs)
             Began as a Naga Fighter on Feb 10, 2019.
             Was an Initiate of Ru.
             Mangled by a gnoll
             ... wielding a +0 halberd
              (8 damage)
             ... on level 3 of the Dungeon.
             The game lasted 00:12:10 (2712 turns).

redwoodhats the Skirmisher (Naga Fighter)           Turns: 2712, Time: 00:12:11

Health: -6/49      AC:  5    Str: 18    XL:     5   Next: 64%
Magic:  5/5        EV:  6    Int:  9    God:    Ru [......]
Gold:   99         SH: 10    Dex: 11    Spells: 4/4 levels left

rFire    . . .     SeeInvis +   a - +1 rapier
rCold    . . .     Gourm    .   c - +1 shield
rNeg     . . .     Faith    .   b - +0 scale mail
rPois    +         Spirit   .   (helmet restricted)
rElec    .         Reflect  .   (no cloak)
rCorr    .         Harm     .   (no gloves)
MR       .....     Rnd*Tele +   (no barding)
Stlth    ..........             o - amulet of magic regeneration
HPRegen  0.16/turn              (no ring)
MPRegen  0.34/turn              (no ring)

@: lethally poisoned (-6 -> -8), flying, very slow
A: large, horns 1, see invisible, deformed body, poison resistance, slowness 2,
slow metabolism 1, spit poison 1, teleportitis 1, AC +1
a: Spit Poison, Renounce Religion


You were on level 3 of the Dungeon.
You worshipped Ru.
Ru was noncommittal.
You were not hungry.

You visited 1 branch of the dungeon, and saw 3 of its levels.

You collected 99 gold pieces.

Inventory:

Hand Weapons
 a - a +1 rapier (weapon)
Armour
 b - a +0 scale mail (worn)
 c - a +1 shield (worn)
Jewellery
 o - an amulet of magic regeneration (around neck)
Scrolls
 h - 4 scrolls of identify
 l - a scroll of magic mapping
 m - a scroll of enchant weapon
Potions
 d - a potion of degeneration
 e - a potion of brilliance
 k - a potion of curing
Comestibles
 f - 2 rations


   Skills:
 + Level 3.6 Fighting
 + Level 3.1 Short Blades
 + Level 3.2 Armour
 + Level 1.2 Dodging
 + Level 1.0 Stealth
 + Level 3.1 Shields


You had 4 spell levels left.
You didn't know any spells.
Your spell library was empty.

Dungeon Overview and Level Annotations

Branches:
Dungeon (3/15)

Altars:
Kikubaaqudgha
Ru


Innate Abilities, Weirdness & Mutations

You cannot wear boots.
Your serpentine skin is tough. (AC +1)
You have supernaturally acute eyesight. (SInv)
Armour fits poorly on your strangely shaped body.
Your system is resistant to poisons. (rPois)
You cover ground very slowly.
You have a slow metabolism.
You can spit poison.
You have a pair of small horns on your head.
You are occasionally teleported next to monsters.


Message History

The gnoll hits you with a +2 spear of venom.
Things that are here:
a +0 flail; a gnoll corpse x2
You completely miss the gnoll.
The gnoll is heavily wounded.
The gnoll hits you with a +2 spear of venom.
The gnoll hits you from afar with a +0 halberd!
* * * LOW HITPOINT WARNING * * *
You hit the gnoll. Your headbutt misses the gnoll.
The gnoll is almost dead.
You feel sick. You block the gnoll's attack.
The gnoll hits you from afar with a +0 halberd.
* * * LOW HITPOINT WARNING * * *
You block the gnoll's attack.
You hit the gnoll.
You kill the gnoll!
* * * LOW HITPOINT WARNING * * *
You feel sick.
The gnoll hits you from afar with a +0 halberd!
You die...

#####
#<..#
###@#
#..g.)#
#######


You could see a gnoll.

Vanquished Creatures
  Terence (D:2)
  7 adders (D:2)
  3 gnolls (D:3)
  An ooze (D:1)
  3 dart slugs (D:1)
  A leopard gecko (D:1)
  3 orcs (D:2)
  5 bats (D:1)
  A giant cockroach (D:1)
  6 hobgoblins
  3 jackals (D:1)
  A quokka (D:2)
  6 ball pythons
  2 frilled lizards
  6 goblins
  6 kobolds
  3 rats (D:1)
58 creatures vanquished.

Notes
Turn   | Place    | Note
-------+----------+-------------------------------------------
     0 | D:1      | redwoodhats the Naga Fighter began the quest for the Orb.
     0 | D:1      | Reached XP level 1. HP: 21/21 MP: 1/1
   240 | D:1      | Reached XP level 2. HP: 25/28 MP: 2/2
   404 | D:1      | Reached XP level 3. HP: 31/34 MP: 3/3
  1628 | D:2      | Reached XP level 4. HP: 32/42 MP: 4/4
  1703 | D:2      | Found an ancient bone altar of Kikubaaqudgha.
  1809 | D:2      | Noticed Terence
  1814 | D:2      | Killed Terence
  1832 | D:2      | Reached skill level 1 in Stealth
  1854 | D:2      | Found a sacrificial altar of Ru.
  1865 | D:2      | Became a worshipper of Ru the Awakened
  2169 | D:2      | Reached skill level 1 in Dodging
  2169 | D:2      | Reached XP level 5. HP: 46/49 MP: 5/5
  2622 | D:2      | Gained mutation: You are occasionally teleported next to
                  | monsters. [potion of mutation]
  2622 | D:2      | Gained mutation: You have a pair of small horns on your
                  | head. [potion of mutation]
  2712 | D:3      | HP: 2/49 [poisoned by a gnoll]
  2712 | D:3      | Mangled by a gnoll

Skill      XL: |  1  2  3  4  5 |
---------------+----------------+-----
Armour         | 3 |  3.2
Stealth        | 1 |  1.0
Short Blades   | 3 |  3.1
Dodging        | 1 |  1.2
Shields        | 3 |  3.1
Fighting       | |  3.6

Action                   |  1- 3 |  4- 6 || total
-------------------------+-------+-------++-------
Melee: Rapier            |   125 |    93 ||   218
       Headbutt          |       |     5 ||     5
 Abil: Spit Poison       |       |     2 ||     2
  Use: Scroll            |     6 |     2 ||     8
       Potion            |     3 |     8 ||    11
  Eat: Ration            |     2 |       ||     2
Armor: Scale mail        |    43 |    26 ||    69
Dodge: Dodged            |    40 |    21 ||    61
Block: Shield            |    75 |    52 ||   127
